 Dungeon Crawl Stone Soup version 0.25.0-46-gbd7b0854d2 (webtiles) character file.

Game seed: 10230053621028961116

2452 funkygono the Grappler (level 9, -5/81 HPs)
             Began as a Troll Warper on July 14, 2020.
             Was an Initiate of Okawaru.
             Slain by an orc warrior
             ... wielding a +3 trident of venom
              (19 damage)
             ... on level 7 of the Dungeon.
             The game lasted 00:17:51 (5822 turns).

funkygono the Grappler (Troll Warper)               Turns: 5822, Time: 00:17:52

Health: -5/81      AC:  7    Str: 24    XL:     9   Next: 25%
Magic:  10/10      EV: 11    Int:  9    God:    Okawaru [......]
Gold:   232        SH:  0    Dex:  9    Spells: 8/11 levels left

rFire    . . .     SeeInvis .     - Unarmed
rCold    . . .     Gourm    +   (no shield)
rNeg     . . .     Faith    .   a - +0 robe
rPois    +         Spirit   .   (helmet restricted)
rElec    .         Reflect  .   h - +0 cloak
rCorr    .         Harm     .   (gloves unavailable)
MR       +....                  (boots unavailable)
Stlth    +.........             e - amulet of the acrobat
HPRegen  0.63/turn              y - ring of poison resistance
MPRegen  0.12/turn              H - ring of protection from magic

@: no status effects
A: large, unfitting armour, claws 3, fast metabolism 3, gourmand, regeneration
1, shaggy fur 1, tough skin 3
a: Renounce Religion


You were on level 7 of the Dungeon.
You worshipped Okawaru.
Okawaru was noncommittal.
You were not hungry.

You visited 2 branches of the dungeon, and saw 8 of its levels.
You also visited: Ossuary.

You collected 232 gold pieces.

Inventory:

Hand Weapons
 G - the +4 broad axe of Charity {drain, Int+3 Dex+3}
   (You found it on level 6 of the Dungeon)

   A truly terrible weapon, it drains the life of those it strikes.
   It affects your intelligence (+3).
   It affects your dexterity (+3).
Missiles
 g - 205 stones
 r - 2 boomerangs
 x - 15 poisoned darts
 D - 4 large rocks (quivered)
 L - 5 datura-tipped darts
Armour
 a - a +0 robe (worn)
 h - a +0 cloak (worn)
Jewellery
 e - an amulet of the acrobat (around neck)
 o - a +6 ring of dexterity
 t - an uncursed ring of protection from cold
 y - a ring of poison resistance (left claw)
 E - an uncursed ring of protection from fire
 H - a ring of protection from magic (right claw)
 K - a +4 ring of protection
Wands
 w - a wand of clouds (5)
 z - a wand of iceblast (6)
 C - a wand of acid (5)
Scrolls
 c - 3 scrolls of blinking
 i - 2 scrolls of fog
 k - a scroll of teleportation
 p - 2 scrolls of amnesia
 s - 3 scrolls of magic mapping
 u - 4 scrolls of remove curse
 B - a scroll of fear
 I - a scroll of identify
Potions
 b - a potion of resistance
 d - a potion of mutation
 j - 2 potions of brilliance
 l - 2 potions of flight
 m - 4 potions of curing
 n - 2 potions of invisibility
 q - a potion of ambrosia
 v - a potion of might
 A - a potion of haste
 F - a potion of magic
Comestibles
 f - 14 rations


   Skills:
 + Level 3.1 Fighting
 + Level 4.6 Throwing
 + Level 4.8 Dodging
 + Level 9.6 Unarmed Combat
 + Level 1.5 Spellcasting
 + Level 2.1 Translocations


You had 8 spell levels left.
You knew the following spells:

 Your Spells              Type           Power        Failure   Level  Hunger
a - Blink                 Tloc           N/A          22%         2    ###....
b - Magic Dart            Conj           #...         34%         1    ##.....

Your spell library contained the following spells:

 Spells                   Type           Power        Failure   Level  Hunger
 Corona                   Hex            #......      34%         1    ##.....
 Shroud of Golubria       Chrm/Tloc      #.....       34%         2    ###....
 Gell's Gravitas          Tloc           #.........   41%         3    ####...
 Lesser Beckoning         Tloc           #.........   41%         3    ####...
 Teleport Other           Tloc           #.......     41%         3    ####...
 Call Imp                 Summ           #.......     47%         2    ###....
 Slow                     Hex            #.......     47%         2    ###....
 Portal Projectile        Hex/Tloc       #.....       56%         3    ####...
 Conjure Flame            Conj/Fire      #.......     71%         3    ####...
 Inner Flame              Hex/Fire       #.......     71%         3    ####...
 Mephitic Cloud           Conj/Pois/Air  #.......     71%         3    ####...
 Passage of Golubria      Tloc           N/A          82%         4    #####..
 Cause Fear               Hex            #.........   98%         4    #####..
 Leda's Liquefaction      Hex/Erth       #.........   98%         4    #####..


Dungeon Overview and Level Annotations

Branches:
Dungeon (7/15)             Temple (1/1) D:6         Ossuary (visited)

Altars:
Ashenzari
Cheibriados
Dithmenos
Elyvilon
Fedhas
Gozag
Hepliaklqana
Kikubaaqudgha
Makhleb
Nemelex Xobeh
Okawaru
Sif Muna
Trog
Uskayaw
Vehumet
Wu Jian
Xom
Yredelemnul
Zin
The Shining One


Innate Abilities, Weirdness & Mutations

You are too large for most types of armour.
You have claws for hands.
Your metabolism is lightning-fast.
You like to eat raw meat.
Your natural rate of healing is unusually fast.
You are covered in fur. (AC +1)
You have extremely tough skin. (AC +3)


Message History

You feel sick.
You scratch the orc warrior but do no damage.
The orc warrior is heavily wounded.
You feel sick. The orc hits you but does no damage.
The orc warrior hits you with a +3 trident of venom.
* * * LOW HITPOINT WARNING * * *
You scratch the orc warrior.
The orc warrior is heavily wounded.
You feel sick. The orc closely misses you.
The orc warrior hits you with a +3 trident of venom!
* * * LOW HITPOINT WARNING * * *
You barely miss the orc warrior.
The orc warrior is heavily wounded.
You feel sick.
The orc wizard mumbles some strange words.
The orc wizard seems to speed up.
The orc hits you with a +0 dagger.
* * * LOW HITPOINT WARNING * * *
You feel better.
The orc warrior hits you with a +3 trident of venom!!
You die...

#.....# #.....#
#.....# #.....#
#.....# #<.####
#..# #..#
#####.# . #..#
##@oo..# . #..#
##(..o##### ..
#..#####...####
..##..##....#
...#.....####
.......###
.###........
#..#####. #..#


You could see an orc warrior, an orc wizard (fast) and an orc.

Vanquished Creatures
  2 wraiths (Ossuary)
  An ice beast (D:6)
  An orc warrior (D:6)
  A sky beast (D:3)
  2 ogres
  2 centaurs (D:5)
  2 bullfrogs
  2 water moccasin zombies
  3 wights (Ossuary)
  A howler monkey (D:6)
  3 crimson imps
  4 hounds
  5 orc priests
  9 orc wizards
  2 centaur skeletons
  Natasha (thrice) (D:3)
  An iguana (D:4)
  4 worker ants
  A mummy (D:4)
  9 adders
  A gnoll (D:1)
  A shadow imp (D:5)
  An adder skeleton (D:4)
  3 worms
  A dart slug (D:3)
  6 leopard geckos
  33 orcs
  A ball python (D:4)
  3 giant cockroaches
  5 goblins
  11 hobgoblins
  6 jackals (D:5)
  2 quokkas
  2 ball python skeletons (Ossuary)
  10 bats
  5 frilled lizards (D:2)
  A hobgoblin skeleton (Ossuary)
  2 jackal skeletons
  8 kobolds
  A kobold zombie (Ossuary)
  3 orc skeletons (Ossuary)
  2 orc zombies (Ossuary)
  A quokka skeleton (D:4)
  3 rats
170 creatures vanquished.

Vanquished Creatures (others)
  An adder skeleton (D:5)
1 creature vanquished.

Grand Total: 171 creatures vanquished

Notes
Turn   | Place    | Note
-------+----------+-------------------------------------------
     0 | D:1      | funkygono the Troll Warper began the quest for the Orb.
     0 | D:1      | Reached XP level 1. HP: 19/19 MP: 1/1
   133 | D:1      | Reached skill level 1 in Throwing
   160 | D:1      | Reached XP level 2. HP: 28/28 MP: 3/3
   647 | D:1      | Reached XP level 3. HP: 26/35 MP: 4/4
  1538 | D:2      | Reached XP level 4. HP: 37/42 MP: 5/5
  1878 | D:3      | Noticed Natasha
  1882 | D:3      | Killed Natasha
  1882 | D:3      | Reached skill level 3 in Unarmed Combat
  1882 | D:3      | Noticed Natasha
  1900 | D:3      | Killed Natasha
  1903 | D:3      | Noticed a bullfrog
  1911 | D:3      | Killed a bullfrog
  1911 | D:3      | Reached XP level 5. HP: 24/49 MP: 6/6
  1932 | D:3      | Noticed Natasha
  1943 | D:3      | Killed Natasha
  1943 | D:3      | Reached skill level 4 in Unarmed Combat
  2051 | D:3      | Noticed a sky beast
  2053 | D:3      | Killed a sky beast
  2053 | D:3      | Reached XP level 6. HP: 58/58 MP: 7/7
  2586 | D:4      | Reached skill level 5 in Unarmed Combat
  2668 | D:4      | Reached XP level 7. HP: 66/66 MP: 8/8
  2795 | D:4      | Found a sand-covered staircase.
  2803 | Ossuary  | Entered an ossuary
  2992 | Ossuary  | Noticed a wraith
  2992 | Ossuary  | Noticed a flying skull
  3001 | Ossuary  | Noticed a flying skull
  3016 | Ossuary  | Noticed a flying skull
  3030 | Ossuary  | Noticed a flying skull
  3043 | Ossuary  | Noticed a flying skull
  3051 | Ossuary  | Noticed a wraith
  3060 | Ossuary  | Killed a wraith
  3060 | Ossuary  | Reached skill level 6 in Unarmed Combat
  3107 | Ossuary  | Noticed a wraith
  3118 | Ossuary  | Killed a wraith
  3163 | Ossuary  | Reached skill level 7 in Unarmed Combat
  3163 | Ossuary  | Reached XP level 8. HP: 74/74 MP: 9/9
  3720 | D:5      | Entered Level 5 of the Dungeon
  3774 | D:5      | Reached skill level 8 in Unarmed Combat
  4189 | D:5      | Found a blossoming altar of Fedhas.
  4541 | D:6      | Got a shimmering broad axe
  4545 | D:6      | Identified the +4 broad axe of Charity {drain, Int+3 Dex+3}
                  | (You found it on level 6 of the Dungeon)
  4588 | D:6      | Reached skill level 9 in Unarmed Combat
  4665 | D:6      | Reached XP level 9. HP: 75/81 MP: 10/10
  4929 | D:6      | Found a staircase to the Ecumenical Temple.
  4988 | D:6      | Learned a level 2 spell: Blink
  5010 | D:6      | Learned a level 1 spell: Magic Dart
  5458 | D:7      | Found a shimmering blue altar of Sif Muna.
  5460 | D:7      | Found a glowing silver altar of Zin.
  5498 | Temple   | Entered the Ecumenical Temple
  5741 | Temple   | Became a worshipper of Warmaster Okawaru
  5821 | D:7      | HP: 2/81 [orc/+0 dagger (4)]
  5822 | D:7      | Slain by an orc warrior

Illustrated notes

Levels and vault maps discovered:
D:1:      mrwooster_arrival_statue, layout_rooms, serial_co_window_serial,
          co_window_corner_a, co_window_corner_a, co_window_cross_1,
          co_window_of_opportunity_a, co_window_corner_a, co_window_corner_a,
          co_window_2corner, co_window_corner_b, co_window_2corner,
          co_window_2corner, co_window_corner_cb, co_window_4corner_b,
          glass_columns_a, minivault_11, due_unseen_surprise
D:2:      layout_basic
D:3:      layout_loops_cross, uniq_natasha
D:4:      layout_loops_cross, gup_ossuary_entry_pyramid, first_ration,
          cheibrodos_sewer_entry_sluice, minivault_26, lemuel_old_faithful
D:5:      layout_rooms, nicolae_zen_rock_garden, dk_vineyard_3,
          fedhas_bush_and_centaur_altar
D:6:      layout_cave_pods, temple_green
D:7:      layout_rooms, nicolae_overflow_quartered_altars
Temple:   dpeg_five_rooms_temple

Skill      XL: |  1  2  3  4  5  6  7  8 |
---------------+-------------------------+-----
Dodging        | 2 3 4 |  4.8
Throwing       | 1 2 3 4 |  4.6
Fighting       | 2 3 |  3.1
Unarmed Combat | 3 4 5 7 9 |  9.6
Spellcasting   | |  1.5
Translocations | |  2.1

Action                   |  1- 3 |  4- 6 |  7- 9 || total
-------------------------+-------+-------+-------++-------
Melee: Unarmed           |   117 |    96 |   221 ||   434
       Punch             |     1 |     1 |    11 ||    13
Throw: Boomerang         |     1 |     3 |     1 ||     5
       Large rock        |       |    19 |    56 ||    75
       Stone             |       |       |     9 ||     9
       Dart              |       |       |     2 ||     2
 Cast: Blink             |       |       |     1 ||     1
  Use: Scroll            |     3 |     9 |     9 ||    21
       Potion            |       |       |     1 ||     1
 Stab: Sleeping          |       |       |     4 ||     4
  Eat: Chunk             |    20 |    10 |    25 ||    55
Armor: Robe              |    60 |    32 |    45 ||   137
Dodge: Dodged            |   118 |    72 |   120 ||   310
